AoeStats
← Chirp

Black Forest

509508084Analyzed
4v4 RM · 7d ago on Sep 27, 2026· 41m 41s· 8 players
Game mode
Random Map
Map size
Large (8 player)
Population
200
Speed
Normal
Resources
Standard
Victory
Conquest
Starting age
Dark Age
Ending age
Imperial Age
RankedLock teamsTeams togetherTeam positionsShared explorationLock speedFull tech treeHidden civsTurbo modeCheats
Victory
Defeat
🇳🇿 Bohemians · New Zealand
1227
+16
🇨🇱 Huns · Chile
1225
+16
🇺🇸 Bulgarians · United States
1193
+17
🇨🇱 Saxons · Chile
1192
+19
🇺🇸 Khmer · United States
1247
-18
🇺🇸 Teutons · United States
1244
-18
🇨🇭 Mongols · Switzerland
1243
-17
🇹🇼 Turks · Taiwan
1177
-15
gaurioles
1:45 Loom
13:28 Feudal Age
14:10 Double-Bit Axe
18:08 Arson
19:15 Horse Collar
20:56 Forging
21:04 Fletching
22:12 Gold Mining
25:43 Castle Age
25:00 Stone Mining
25:37 Bloodlines
26:41 Scale Mail Armor
27:17 Bow Saw
28:30 Wheelbarrow
29:18 Scale Barding Armor
32:20 Imperial Age
29:48 Gambesons
30:15 Town Watch
33:49 Iron Casting
34:20 Hand Cart
34:57 Heavy Plow
35:51 Husbandry
36:21 Pikeman
37:02 Squires
37:19 Chain Mail Armor
38:16 Stirrups
38:46 Conscription
40:13 Capped Ram
Yavier
0:26 Loom
12:41 Feudal Age
16:50 Castle Age
16:11 Double-Bit Axe
16:36 Horse Collar
19:15 Fletching
23:44 Padded Archer Armor
29:05 Bodkin Arrow
37:51 Wheelbarrow
37:35 Bow Saw
37:55 Gold Mining
37:55 Stone Mining
38:07 Heavy Plow
43:35 Imperial Age
自闭男孩
10:25 Feudal Age
15:36 Castle Age
15:26 Double-Bit Axe
15:24 Horse Collar
17:07 Bow Saw
20:41 Fervor
21:15 Heavy Plow
22:39 Wheelbarrow
24:22 Hand Cart
27:52 Imperial Age
27:23 Chemistry
28:47 Ballistics
28:57 Padded Archer Armor
30:27 Houfnice
34:16 Wagenburg Tactics
35:11 Hussite Reforms
35:37 Hussite Reforms
38:37 Town Watch
39:49 Spies/Treason
41:34 Redemption
41:29 Atonement
zhiko
11:52 Feudal Age
12:19 Feudal Age
15:55 Castle Age
14:00 Double-Bit Axe
13:57 Horse Collar
14:19 Stone Mining
17:00 Wheelbarrow
16:56 Bow Saw
16:49 Heavy Plow
24:05 Loom
24:51 Forging
24:55 Squires
25:27 Squires
25:38 Gold Mining
25:53 Pikeman
27:17 Scale Mail Armor
27:53 Iron Casting
27:34 Squires
28:05 Hand Cart
28:47 Clerical Recruitment
30:08 Chain Mail Armor
35:00 Imperial Age
34:38 Town Watch
35:15 Fletching
35:16 Arson
36:10 Block Printing
37:07 Theocracy
36:50 Halberdier
38:47 Illumination
38:48 Redemption
38:32 Spies/Treason
我有低保我先上
5:00 Loom
9:49 Feudal Age
14:23 Castle Age
12:41 Horse Collar
12:58 Double-Bit Axe
16:33 Bow Saw
22:28 Bloodlines
22:19 Husbandry
25:45 Scale Barding Armor
26:27 Forging
27:39 Chain Barding Armor
Chirp
0:44 Loom
14:22 Feudal Age
15:21 Double-Bit Axe
23:23 Castle Age
lkm543
1:19 Loom
13:14 Feudal Age
13:57 Double-Bit Axe
15:45 Double-Bit Axe
18:26 Castle Age
16:13 Horse Collar
16:35 Stone Mining
16:44 Gold Mining
Bokaa
10:31 Feudal Age
12:34 Loom
15:32 Castle Age
13:29 Double-Bit Axe
13:30 Horse Collar
20:23 Bow Saw
20:14 Heavy Plow
20:14 Gold Mining
Connection lost

Rejoining the realm…

Still unreachable

The connection could not be restored.

Session expired

The server has moved on; the page needs a fresh start.